 Dungeon Crawl Stone Soup version 0.14-a0-1297-g3d87a2a (webtiles) character file.

161 PolkaDot the Ruinous (level 3, -4/24 HPs)
             Began as a Vampire Conjurer on Dec 4, 2013.
             Killed from afar by an orc wizard (7 damage)
             ... with a puff of flame
             ... on Level 3 of the Dungeon.
             The game lasted 00:05:45 (1472 turns).

PolkaDot the Ruinous (Vampire Conjurer)             Turns: 1472, Time: 00:05:45

HP  -4/24        AC  2     Str  7      XL: 3   Next: 60%
MP   2/6         EV 12     Int 18      God:
Gold 109         SH  0     Dex 14      Spells:  2 memorised,  3 levels left

rFire  . . .     SeeInvis +     n - +2,+0 whip (venom)
rCold  . . .     Clarity  .     a - +0 robe
rNeg   . . .     Conserve .     (no shield)
rPois  .         rCorr    .     (no helmet)
rElec  .         rRot     .     (no cloak)
SustAb . .       Spirit   .     (no gloves)
rMut   .         Warding  .     (no boots)
Saprov . . .     Stasis   .     (no amulet)
                                (no ring)
                                (no ring)

@: regenerating quickly, slightly resistant to hostile enchantments, stealthy
A: fangs 3, see invisible, unbreathing
a: no special abilities


You were on level 3 of the Dungeon.
You were full.

You visited 1 branch of the dungeon, and saw 3 of its levels.

You collected 109 gold pieces.

Inventory:

Hand weapons
 n - a +2,+0 whip of venom (weapon)
Armour
 a - a +0 robe (worn)
 g - a +0 buckler
Magical devices
 q - a wand of random effects (6) {unknown}
Scrolls
 b - a scroll of recharging {unknown}
 d - 5 scrolls of identify {unknown}
 e - a scroll of teleportation {unknown}
 f - a scroll of fear {unknown}
 i - 2 scrolls of magic mapping {unknown}
 k - 2 scrolls of remove curse {unknown}
 m - a scroll of noise {unknown}
 r - a scroll of amnesia {unknown}
Potions
 h - a potion of restore abilities
 j - a potion of lignification {unknown}
 l - a potion of brilliance {unknown}
 p - 2 potions of curing {unknown}
Books
 c - a book of Conjurations

   Spells                             Type                      Level
   *Magic Dart                        Conjuration                  1
   *Searing Ray                       Conjuration                  2
   Dazzling Spray                     Conjuration/Hexes            3
   Iskenderun's Mystic Blast          Conjuration                  4
   Iskenderun's Battlesphere          Conjuration/Charms           4
   Fulminant Prism                    Conjuration/Hexes            5


   Skills:
 - Level 2.1 Dodging
 - Level 3.0 Stealth
 - Level 2.0 Spellcasting
 * Level 4.0 Conjurations


You had 3 spell levels left.
You knew the following spells:

 Your Spells              Type           Power        Failure   Level  Hunger
a - Magic Dart            Conj           ###.         3%          1    #......
s - Searing Ray           Conj           ###...       6%          2    ##.....


Dungeon Overview and Level Annotations

Branches:
Dungeon (3/16)

Altars:


Innate Abilities, Weirdness & Mutations

Your natural rate of healing is unusually fast.
You have razor-sharp teeth.*
You have supernaturally acute eyesight.
You can survive without breathing.*


Message History

The orc wizard is severely wounded.
The orc wizard casts a spell at you. You resist.
You hit the orc wizard but do no damage.
The orc wizard is severely wounded.
The orc zombie barely misses you.
The orc wizard hits you with an orcish dagger.
You barely miss the orc wizard. Your bite misses the orc wizard.
The orc wizard is severely wounded.
The orc zombie hits you. The orc wizard misses you.
You barely miss the orc wizard. Your bite misses the orc wizard.
The orc wizard is severely wounded.
The orc wizard hits you with an orcish dagger.
* * * LOW HITPOINT WARNING * * *
The orc zombie misses you.
Drink which item? (? for menu, Esc to quit)
You feel refreshed.
It was a potion of restore abilities.
The orc wizard points at you and mumbles some strange words.
The puff of flame hits you!
You die...

... #.......#
##.......##
#..........
...........
..........
..8......
.......z.#
#@# #### #o#
...####
#o##.......
#........#..
#..<........
#..........#
#..........
...........#
..#..........


You could see an orc wizard (invisible), an orc and an orc zombie.

Vanquished Creatures
  Jessica (D:2)
  A giant gecko (D:1)
  An orc (D:3)
  2 giant cockroaches (D:1)
  4 goblins
  2 hobgoblins
  3 jackals (D:1)
  8 kobolds
  A quokka (D:2)
  4 bats
  A giant newt (D:1)
  4 rats
32 creatures vanquished.

Notes
Turn   | Place    | Note
--------------------------------------------------------------
     0 | D:1      | PolkaDot, the Vampire Conjurer, began the quest for the Orb.
     0 | D:1      | Reached XP level 1. HP: 13/13 MP: 3/3
   301 | D:1      | Reached XP level 2. HP: 14/19 MP: 4/4
   375 | D:1      | Learned a level 2 spell: Searing Ray
  1025 | D:2      | Reached XP level 3. HP: 22/24 MP: 6/6
  1033 | D:2      | Noticed Jessica
  1038 | D:2      | Killed Jessica
  1042 | D:2      | Reached skill level 4 in Conjurations
  1472 | D:3      | Killed from afar by an orc wizard

Action                   || total
-------------------------++-------
Melee: Dagger            ||    53
       Whip              ||    46
 Cast: Magic Dart        ||    12
       Searing Ray       ||     2
  Use: Potion            ||     4
 Stab: Sleeping          ||     3
       Invisible         ||     3
